 Dungeon Crawl Stone Soup version 0.30-a0-297-g0ec75d9ef4 (webtiles) character file.

Game seed: 12477755424401569220

235342 Pooter the Severer (level 18, -2/255 HPs)
             Began as a Minotaur Berserker on Oct 17, 2022.
             Was a High Priest of Trog.
             Slain by a redback (7 damage)
             ... on level 1 of the Elven Halls on Oct 19, 2022.
             The game lasted 03:51:22 (46497 turns).

Pooter the Severer (Minotaur Berserker)            Turns: 46497, Time: 03:51:23

Health: -2/255     AC: 25    Str: 40    XL:     18   Next: 47%
Magic:  17/17      EV: 11    Int:  9    God:    Trog [*****.]
Gold:   352        SH:  5    Dex: 13    Spells: 17/17 levels left

rFire   . . .      SeeInvis .    a - +8 trishula "Condemnation" {holy, anguish, *Noise Fly rN+}
rCold   . . .      Faith    .    (no shield)
rNeg    + . .      Spirit   .    L - +0 plate armour of the Midnight Sun {Rampage Will+}
rPois   +          Reflect  +    (helmet restricted)
rElec   .          Harm     .    M - +1 cloak
rCorr   .          Rampage  +    o - +2 pair of gloves
Will    ++...      Clarity  +    v - +2 pair of boots
Stlth   ..........               Q - amulet of the Sun {Reflect rPois Str+3 Int+3 SH+5}
HPRegen 0.62/turn                U - +6 ring of strength
MPRegen 0.15/turn                p - +6 ring of strength

@: berserking (expiring), lethally poisoned (-2 -> -3), flying, studying
Evocations, very quick
A: horns 2, retaliatory headbutt, clarity
}: 2/15 runes: decaying, serpentine
a: Renounce Religion, Berserk, Trog's Hand, Brothers in Arms


You were on level 1 of the Elven Halls.
You worshipped Trog.
Trog was extremely pleased with you.
You visited 6 branches of the dungeon, and saw 32 of its levels.
You also visited: Trove and Sewer.

You collected 3348 gold pieces.
You spent 2996 gold pieces at shops.

Inventory:

Hand Weapons
 a - the +8 trishula "Condemnation" (weapon) {holy, anguish, *Noise Fly rN+}
   (You acquired it on level 3 of the Dungeon)

   It has been blessed by the Shining One to cause great damage to the undead
   and demons.
   It inflicts anguish, making its victims' attacks reflect back on them.
   rN:        It protects you from negative energy.
   Fly:       It grants you flight.
   *Noise:    It may make noises in combat.
 b - a +0 arbalest
   (You took it off an orc warrior on level 2 of the Orcish Mines)
 F - a +5 vorpal battleaxe
   (You took it off a wight on level 8 of the Dungeon)
 K - a +5 antimagic battleaxe
   (Trog gifted it to you on level 3 of the Snake Pit)
 N - a +4 battleaxe of draining
   (You took it off a death knight on level 15 of the Dungeon)
Missiles
 g - 17 boomerangs (quivered)
 h - 2 javelins
 A - 5 curare-tipped darts
 X - 3 boomerangs of dispersal {!f}
 Y - 7 silver boomerangs
Armour
 o - a +2 pair of gloves (worn)
   (You found it on level 13 of the Dungeon)
 v - a +2 pair of boots (worn)
   (You found it on level 2 of the Dungeon)
 L - the +0 plate armour of the Midnight Sun (worn) {Rampage Will+}
   (You found it on level 9 of the Dungeon)

   Rampage:   It bestows one free step when moving towards enemies.
   Will:      It increases your willpower.
 M - a +1 cloak (worn)
   (You found it on level 1 of the Lair of Beasts)
Jewellery
 j - a +4 ring of evasion
   (You found it on level 4 of the Dungeon)
 p - a +6 ring of strength (right hand)
   (You bought it in a shop on level 2 of the Orcish Mines)
 C - a ring of resist corrosion
   (You bought it in a shop on level 2 of the Snake Pit)
 G - an amulet of guardian spirit
   (You found it on level 5 of the Lair of Beasts)
 I - a ring of protection from cold
   (You found it on level 2 of the Snake Pit)
 Q - the amulet of the Sun (around neck) {Reflect rPois Str+3 Int+3 SH+5}
   (You bought it in a shop on level 2 of the Orcish Mines)

   [amulet of reflection]

   It reflects blocked missile attacks.
   Str:       It affects your strength (+3).
   Int:       It affects your intelligence (+3).
   rPois:     It protects you from poison.
   SH:        It affects your SH (+5).
 S - a ring of see invisible
   (You found it on level 4 of the Lair of Beasts)
 U - a +6 ring of strength (left hand)
   (You found it on level 2 of the Lair of Beasts)
Wands
 d - a wand of iceblast (22)
   (You found it on level 3 of the Swamp)
 f - a wand of flame (56)
   (You took it off an orc warrior on level 7 of the Dungeon)
 i - a wand of mindburst (19)
   (You found it on level 13 of the Dungeon)
 l - a wand of charming (45)
   (You found it on level 3 of the Dungeon)
 x - a wand of acid (20)
   (You found it on level 3 of the Lair of Beasts)
 D - a wand of digging (15)
   (You found it on level 14 of the Dungeon)
 W - a wand of polymorph (22)
   (You found it on level 5 of the Lair of Beasts)
Scrolls
 c - 5 scrolls of fog
 e - 7 scrolls of blinking
 n - 5 scrolls of magic mapping
 t - 8 scrolls of teleportation {@r4}
 u - 3 scrolls of summoning
 y - 3 scrolls of immolation {!r}
 B - 9 scrolls of poison {!r}
 T - 4 scrolls of noise {!r}
 V - 3 scrolls of silence
 Z - 3 scrolls of fear
Potions
 k - 13 potions of curing {@q1}
 q - 11 potions of heal wounds {@q2}
 r - 3 potions of cancellation
 s - 2 potions of invisibility
 w - 10 potions of haste {@q3}
 E - 3 potions of might
 H - 7 potions of attraction {!q}
 O - 11 potions of lignification {!q}
 R - 2 potions of mutation {!q}
Miscellaneous
 m - a tin of tremorstones (2/2)
   (You bought it in a shop on level 2 of the Orcish Mines)
 z - a condenser vane
   (You found it in a treasure trove)
 J - a box of beasts
   (You found it in a treasure trove)
 P - a phantom mirror (inert)
   (You found it in a treasure trove)


   Skills:
 + Level 17.4 Fighting
 - Level 19.0(20.4) Axes
 - Level 13.1(17.6) Polearms
 - Level 18.0 Ranged Weapons
 + Level 9.2 Throwing
 - Level 13.0 Armour
 + Level 4.7 Dodging
 + Level 3.3 Stealth
 + Level 11.2 Evocations


You had 17 spell levels left.
You didn't know any spells.
Your spell library was empty.

Dungeon Overview and Level Annotations

Branches:
Dungeon (15/15)            Temple (0/1) D:5            Lair (5/5) D:8
  Swamp (4/4) Lair:2        Snake (4/4) Lair:3        Slime (0/5) Lair:4
    Orc (2/2) D:9             Elf (2/3) Orc:2        Vaults (0/5) D:14
 Depths (0/4) D:15          Sewer (visited)

Altars:
Cheibriados
Dithmenos
Elyvilon
Fedhas
Hepliaklqana
Nemelex Xobeh
Qazlal
Sif Muna
Trog
Vehumet
Wu Jian
Xom
Yredelemnul
Zin

Shops:
D:11 *   D:12 [   Orc:2 *[:***[?=(!?   Elf:1 *   Snake:1 (   Snake:2 *:[*!


Innate Abilities, Weirdness & Mutations

You have a pair of horns on your head.
You reflexively headbutt those who attack you in melee.
You possess an exceptional clarity of mind.


Message History

You feel sick.
The deep elf pyromancer gestures wildly while chanting.
The deep elf zephyrmancer is engulfed in blazing flames.
The deep elf zephyrmancer gestures wildly while chanting.
The deep elf zephyrmancer blinks!
The deep elf zephyrmancer closely misses you.
Unknown command.
You barely miss the fire elemental.
You feel sick.
The fire elemental disappears in a puff of smoke!
The redback bites you but does no damage. x2
The redback completely misses you. You furiously retaliate!
You headbutt the redback!
You kill the redback!
Trog accepts your kill.
You feel sick. The fire elemental misses you. You furiously retaliate!
You headbutt the fire elemental!!
The deep elf pyromancer points at you and mumbles some strange words.
The bolt of fire hits the fire elemental.
The fire elemental completely resists.
The bolt of fire hits you.
* * * LOW HITPOINT WARNING * * *
The deep elf zephyrmancer is engulfed in blazing flames.
The deep elf zephyrmancer gestures wildly while chanting.
The deep elf zephyrmancer blinks!
The deep elf zephyrmancer hits you with a +0 long sword.
* * * LOW HITPOINT WARNING * * *
There is a stone staircase leading up here.
You feel a strong urge to attack something.
You feel sick.
The redback bites you but does no damage.
The fire elemental barely misses you. You furiously retaliate!
You headbutt the fire elemental!!
You destroy the fire elemental!
Trog accepts your kill. The fire elemental hits you.
The fire elemental burns you!
* * * LOW HITPOINT WARNING * * *
You fly upwards.
You feel sick.
There is a stone staircase leading down here.
You puncture the deep elf zephyrmancer!
The deep elf zephyrmancer is haunted by guilt!
You feel sick.
You block the deep elf zephyrmancer's attack.
You puncture the deep elf zephyrmancer!
Your headbutt misses the deep elf zephyrmancer.
The redback bites you but does no damage.
You perforate the deep elf zephyrmancer like a sieve!!!
You kill the deep elf zephyrmancer!
Trog accepts your kill.
Trog appreciates your killing of a magic user.
You feel sick. The redback bites you!
You die...

...#..#....#..#..#..#....#...#...
...#..#....#..#..#..#....'...#...
...#..#....#..#..#..#....#...#...
...#..######..#..#..#....#...#...
...#..........#..#..######...####
...#..........#..#...............
...##########'#..#...............
...............).#...............
................@s..#############
###'##############..#...........#
....................#.)⌠..#..⌠..#
....................#..[..#.....#
##..#######.....##..#..<..#.....'
.#..#.....#.."...#..#.[...#.....#
.#..#.....#......#..#..⌠..#..⌠..#
.#..#..(..#..#...#..#...........#
.#..#.....#..#...#..#############


You could see a redback.

Vanquished Creatures
  the Lernaean hydra (Swamp:4)
  The ghost of hikkokomori the Severer, an adept MiBe of Trog (Swamp:3)
  A thorn hunter (Swamp:4)
  Donald (Swamp:1)
  A fenstrider witch (Swamp:1)
  4 nagarajas
  Aizul (Snake:2)
  9 eleionomae
  3 bunyips
  A shambling mangrove (Swamp:3)
  A yaktaur captain (D:14)
  2 deep elf death magi (Elf:1)
  Fannar (D:11)
  Josephine (D:11)
  A ghost crab (Swamp:2)
  A salamander tyrant (Snake:4)
  A spriggan air mage (Swamp:3)
  15 hydras
  3 ogre magi
  2 centaur warriors
  A death knight (D:15)
  7 dancing weapons
  9 anacondas
  15 two-headed ogres
  11 alligators
  7 boulder beetles
  3 tengu warriors
  A death yak (Lair:3)
  15 naga warriors
  A titan zombie (D:15)
  15 naga sharpshooters
  A sun demon (D:14)
  3 shock serpents
  13 spriggans
  Sonja (Orc:2)
  A goliath frog (Swamp:2)
  A salamander mystic (Snake:4)
  5 skeletal warriors (D:15)
  8 swamp dragons
  A spriggan druid (Swamp:4)
  9 bog bodies (Swamp:4)
  2 orc knights
  A phantasmal warrior (D:15)
  Pikel (D:4)
  8 naga ritualists
  2 necromancers
  12 deep elf pyromancers
  2 orc sorcerers (Orc:1)
  A wolf spider (Lair:5)
  6 mana vipers
  A stone giant zombie (D:15)
  8 deep elf zephyrmancers
  7 ugly things (D:15)
  3 manticores
  6 will-o-the-wisps
  3 cyclopes
  10 elephants
  13 salamanders
  31 black mambas
  A large abomination (Elf:1)
  A frost giant skeleton (D:15)
  2 torpor snails (Lair:5)
  A guardian serpent (Snake:4)
  An orange demon (D:14)
  17 naga magi
  2 rust devils (D:14)
  A gargoyle (D:11)
  4 kobold demonologists
  Maggie (D:10)
  6 rime drakes
  4 cane toads
  10 komodo dragons
  2 yaktaurs (D:14)
  A tengu conjurer (D:13)
  An efreet (D:13)
  A freezing wraith (D:15)
  3 trolls
  6 meliai
  2 red devils (D:14)
  4 tyrant leeches
  11 polar bears
  A bloated husk (Swamp:1)
  A queen bee (Lair:2)
  13 hornets
  Grinder (D:5)
  2 raiju (Lair:5)
  3 slime creatures (Lair:4)
  15 blink frogs
  6 dream sheep (Lair:3)
  2 shadows
  A water elemental (Elf:1)
  6 wraiths
  A hog (D:11)
  2 vampires
  8 wyverns
  4 fire elementals
  59 yaks
  A human (D:11)
  2 steam dragons
  10 basilisks
  2 chaos spawn (D:14)
  5 redbacks (Elf:2)
  42 nagas
  11 vampire mosquitoes
  8 wargs
  11 water moccasins
  15 hell hounds (Lair:5)
  A glowing shapeshifter zombie (D:15)
  4 acid dragons
  12 swamp worms
  14 orc warriors
  A black bear (shapeshifter) (Elf:1)
  11 swamp drakes
  13 black bears
  5 ice beasts
  24 ogres
  7 centaurs
  25 wolves
  3 elf zombies (Elf:1)
  A lemure (D:4)
  4 phantoms
  5 kobold brigands
  A necrophage (D:5)
  11 bullfrogs
  A gnoll sergeant (D:8)
  5 scorpions
  A water moccasin zombie (D:5)
  9 wights
  35 killer bees
  The ghost of slphil the Trooper, a weakling BaFi of Yredelemnul (D:3)
  An electric eel (Lair:4)
  A centaur zombie (D:5)
  15 orc priests
  4 hounds
  2 jellies
  2 gnoll boudas
  2 bullfrog skeletons (D:5)
  10 iguanas
  28 orc wizards
  13 hell rats
  2 scorpion zombies (D:5)
  A hound skeleton (D:5)
  A howler monkey zombie (D:5)
  Robin (D:3)
  14 gnolls
  7 adders
  A shadow imp (D:7)
  3 white imps
  An ufetubus (D:7)
  An adder zombie (D:5)
  2 dart slugs
  56 orcs
  13 ball pythons
  2 endoplasms
  4 giant cockroaches
  13 goblins
  16 hobgoblins
  9 jackals
  6 quokkas
  11 bats
  5 frilled lizards
  25 kobolds
  8 rats
  A briar patch (Swamp:4)
1085 creatures vanquished.

Vanquished Creatures (collateral kills)
  An anaconda (Snake:1)
  A naga ritualist (Snake:3)
  An orc priest (Orc:2)
  An orc wizard (Orc:2)
4 creatures vanquished.

Vanquished Creatures (others)
  Nikola (Elf:2)
  A fire dragon (Lair:5)
  3 hydras
  An ogre mage (Orc:2)
  3 two-headed ogres (Orc:2)
  A shock serpent (Snake:1)
  A goliath frog (Swamp:2)
  A salamander mystic (Snake:4)
  A skeletal warrior (D:15)
  A mana viper (Snake:3)
  A deep elf zephyrmancer (Elf:2)
  A salamander (Snake:2)
  A naga mage (Snake:2)
  A black mamba (Snake:4)
  A komodo dragon (Lair:1)
  2 rime drakes (Lair:3)
  An ice devil (D:14)
  A polar bear (Lair:4)
  3 bloated husks
  A spriggan (Swamp:3)
  2 wyverns
  2 basilisks
  A vampire mosquito (Swamp:1)
  A naga (Lair:3)
  A swamp worm (Swamp:2)
  A warg (Orc:1)
  An acid dragon (D:11)
  A swamp drake (Lair:5)
  4 orc warriors
  4 ogres
  A bullfrog (Lair:2)
  A scorpion (D:4)
  A killer bee (Lair:2)
  An orc wizard (D:9)
  2 hell rats (Lair:5)
  A gnoll (D:8)
  A bush (Swamp:4)
  7 demonic plants (D:14)
  A fire vortex (Orc:2)
  12 foxfires
  40 fungi
  100 plants
  10 withered plants
223 creatures vanquished.

Grand Total: 1312 creatures vanquished

Notes
Turn   | Place    | Note
-------+----------+-------------------------------------------
     0 | D:1      | Pooter the Minotaur Berserker began the quest for the Orb.
     0 | D:1      | Reached XP level 1. HP: 19/19 MP: 0/0
   125 | D:1      | Reached skill level 4 in Axes
   140 | D:1      | Reached XP level 2. HP: 25/27 MP: 1/1
   384 | D:1      | Reached ** piety under Trog
   385 | D:1      | Reached XP level 3. HP: 22/33 MP: 2/2
   718 | D:2      | You fall into a shaft and drop 2 floors!
   758 | D:3      | Noticed Robin
   767 | D:3      | Killed Robin
   768 | D:3      | Reached skill level 5 in Axes
   804 | D:3      | Found a basalt altar of Yredelemnul.
   855 | D:3      | Reached XP level 4. HP: 41/41 MP: 3/3
   860 | D:3      | Found a glowing drain.
   864 | Sewer    | Entered a sewer
   882 | Sewer    | Noticed a kobold brigand
   882 | Sewer    | Noticed a kobold brigand
   890 | Sewer    | Killed a kobold brigand
   891 | Sewer    | Reached skill level 6 in Axes
   891 | Sewer    | Killed a kobold brigand
   892 | Sewer    | Reached skill level 5 in Fighting
   892 | Sewer    | Reached XP level 5. HP: 26/48 MP: 4/4
  1170 | Sewer    | Reached *** piety under Trog
  1230 | D:3      | Identified a scroll of acquirement
  1231 | D:3      | Acquired the +8 trishula "Condemnation" {holy, anguish,
                  | *Noise Fly rN+}
  1231 | D:3      | Found the +8 trishula "Condemnation" {holy, anguish, *Noise
                  | Fly rN+}
  1396 | D:3      | Reached skill level 1 in Polearms
  1396 | D:3      | Reached XP level 6. HP: 56/56 MP: 5/5
  1501 | D:2      | Found a faded altar of an unknown god.
  1502 | D:2      | Noticed a shining eye
  1508 | D:2      | Noticed a shining eye
  1572 | D:2      | Noticed a shining eye
  1573 | D:2      | Noticed a golden eye
  2382 | D:3      | Found a sparkling altar of Nemelex Xobeh.
  2471 | D:3      | Found a runed translucent gate.
  2471 | D:3      | Found a runed translucent gate.
  2471 | D:3      | Found a runed translucent gate.
  2473 | D:3      | Noticed slphil's ghost (weakling BaFi)
  2480 | D:3      | Killed slphil's ghost
  2909 | D:4      | Noticed Pikel
  2928 | D:4      | Killed Pikel
  2929 | D:4      | Reached XP level 7. HP: 66/66 MP: 6/6
  3036 | D:4      | Reached XP level 8. HP: 73/73 MP: 7/7
  3236 | D:4      | Reached **** piety under Trog
  3563 | D:5      | Entered Level 5 of the Dungeon
  3600 | D:5      | Reached skill level 1 in Ranged Weapons
  3668 | D:5      | Noticed Grinder
  3672 | D:5      | Killed Grinder
  3739 | D:5      | Reached XP level 9. HP: 82/82 MP: 8/8
  3959 | D:5      | Found a staircase to the Ecumenical Temple.
  4262 | D:5      | Reached skill level 5 in Ranged Weapons
  4268 | D:5      | Reached skill level 10 in Polearms
  5685 | D:7      | Reached XP level 10. HP: 77/92 MP: 9/9
  5821 | D:7      | Reached ***** piety under Trog
  6488 | D:8      | Reached skill level 10 in Fighting
  6574 | D:8      | Found a shadowy altar of Dithmenos.
  6574 | D:8      | Found a radiant altar of Vehumet.
  6574 | D:8      | Found a white marble altar of Elyvilon.
  6580 | D:8      | Found a glowing silver altar of Zin.
  6582 | D:8      | Found a hazy altar of Hepliaklqana.
  6583 | D:8      | Found a blossoming altar of Fedhas.
  6585 | D:8      | Found an ornate altar of the Wu Jian Council.
  6589 | D:8      | Found a snail-covered altar of Cheibriados.
  6590 | D:8      | Found a bloodstained altar of Trog.
  6711 | D:8      | Found a staircase to the Lair.
  7151 | D:9      | Identified the +0 plate armour of the Midnight Sun {Rampage
                  | Will+}
  7197 | D:9      | Reached skill level 7 in Axes
  7197 | D:9      | Found a staircase to the Orcish Mines.
  7214 | D:9      | Reached skill level 1 in Evocations
  7223 | D:9      | Received a gift from Trog
  7553 | D:9      | Found a shimmering altar of Xom.
  7555 | D:9      | Found a shimmering altar of Xom.
  7555 | D:9      | Noticed a two-headed ogre
  7557 | D:9      | Found a shimmering altar of Xom.
  7562 | D:9      | Found a shimmering altar of Xom.
  7562 | D:9      | Found a shimmering altar of Xom.
  7563 | D:9      | Found a shimmering altar of Xom.
  7579 | D:9      | Reached XP level 11. HP: 101/101 MP: 10/10
  7657 | D:9      | Found a shimmering blue altar of Sif Muna.
  7749 | Orc:1    | Entered Level 1 of the Orcish Mines
  7775 | Orc:1    | Noticed an orc knight
  8362 | Orc:1    | Killed an orc knight
  8513 | Orc:1    | Noticed an orc sorcerer
  8523 | Orc:1    | Killed an orc sorcerer
  8671 | Orc:1    | You are sucked into a shaft and drop 1 floor!
  8671 | Orc:2    | Entered Level 2 of the Orcish Mines
  8671 | Orc:2    | Found Zouseeg's Distillery.
  8692 | Orc:2    | Noticed Sonja
  8743 | Orc:2    | Found Lefamn's Magic Scroll Emporium.
  8747 | Orc:2    | Found Decvyero's Antique Weapon Shoppe.
  8761 | Orc:2    | Killed Sonja
  8802 | Orc:2    | Bought a scroll of identify for 28 gold pieces
  8802 | Orc:2    | Bought a scroll of fog for 56 gold pieces
  8802 | Orc:2    | Bought a scroll of identify for 28 gold pieces
  8802 | Orc:2    | Bought a scroll of identify for 28 gold pieces
  8802 | Orc:2    | Bought a scroll of enchant weapon for 105 gold pieces
  8810 | Orc:2    | Noticed an ogre mage
  8820 | Orc:2    | Killed an ogre mage
  8821 | Orc:2    | Reached skill level 8 in Axes
  8821 | Orc:2    | Reached skill level 10 in Ranged Weapons
  8825 | Orc:2    | Noticed a two-headed ogre
  8978 | Orc:2    | Noticed a two-headed ogre
  9028 | Orc:2    | Killed a two-headed ogre
  9299 | Orc:2    | Noticed a two-headed ogre
  9301 | Orc:2    | Noticed a two-headed ogre
  9315 | Orc:2    | Killed a two-headed ogre
  9322 | Orc:2    | Killed a two-headed ogre
  9469 | Orc:2    | Noticed a two-headed ogre
  9477 | Orc:2    | Killed a two-headed ogre
  9651 | Orc:2    | Noticed a two-headed ogre
  9657 | Orc:2    | Killed a two-headed ogre
  9992 | Orc:2    | Noticed a two-headed ogre
 10011 | Orc:2    | Killed a two-headed ogre
 10012 | Orc:2    | Reached skill level 9 in Axes
 10035 | Orc:2    | Reached XP level 12. HP: 111/111 MP: 11/11
 10082 | Orc:2    | Noticed a two-headed ogre
 10098 | Orc:2    | Killed a two-headed ogre
 10112 | Orc:2    | Noticed a two-headed ogre
 10123 | Orc:1    | Killed a two-headed ogre
 10132 | Orc:2    | Noticed an ogre mage
 10134 | Orc:2    | Noticed an ogre mage
 10144 | Orc:1    | Killed an ogre mage
 10530 | Orc:2    | Noticed a two-headed ogre
 10530 | Orc:2    | Noticed a two-headed ogre
 10535 | Orc:2    | Killed a two-headed ogre
 10540 | Orc:2    | Killed a two-headed ogre
 10756 | Orc:2    | Killed a two-headed ogre
 10757 | Orc:2    | Reached skill level 5 in Evocations
 10830 | Orc:2    | Noticed a two-headed ogre
 11258 | Orc:2    | Found a staircase to the Elven Halls.
 11258 | Orc:2    | Found Umice's Armour Boutique.
 11275 | Orc:2    | Killed a two-headed ogre
 11279 | Orc:2    | Noticed a two-headed ogre
 11283 | Orc:2    | Killed a two-headed ogre
 11284 | Orc:2    | Reached skill level 10 in Axes
 11305 | Orc:2    | Found Dimiyzedus's Specific Store.
 11316 | Orc:2    | Noticed an ogre mage
 11362 | Orc:2    | Killed an ogre mage
 11371 | Orc:2    | Found Melozy's General Store.
 11380 | Orc:2    | Bought a tin of tremorstones (2/2) for 600 gold pieces
 11380 | Orc:2    | Bought a scroll of magic mapping for 112 gold pieces
 11380 | Orc:2    | Bought a scroll of enchant armour for 112 gold pieces
 11394 | Orc:2    | Found Elaxziuc's Jewellery Shoppe.
 11446 | Orc:2    | Found Gaament's Assorted Antiques.
 11446 | Orc:2    | Found Jimodue's Book Shop.
 11447 | Orc:2    | Found Saweodox's Armour Shop.
 11447 | Orc:2    | Found Vur Usoq's General Store.
 11500 | Orc:2    | Bought a scroll of identify for 34 gold pieces
 11503 | Orc:2    | Bought a fizzy purple potion for 26 gold pieces
 11503 | Orc:2    | Bought a scroll labelled TYV CUFUSAUSE for 29 gold pieces
 11626 | Orc:2    | Noticed a two-headed ogre
 11800 | Orc:2    | Killed a two-headed ogre
 11801 | Orc:2    | Reached skill level 5 in Armour
 11894 | Orc:2    | Killed an ogre mage
 12108 | Orc:2    | Found Adoyth's Magic Scroll Shoppe.
 12116 | Orc:2    | Bought a scroll of identify for 24 gold pieces
 12116 | Orc:2    | Bought a scroll of identify for 24 gold pieces
 12401 | Lair:1   | Entered Level 1 of the Lair of Beasts
 12639 | Lair:1   | Found a shadowy altar of Dithmenos.
 12807 | Lair:1   | Reached XP level 13. HP: 110/119 MP: 12/12
 13227 | Orc:2    | Bought a garnet ring for 145 gold pieces
 13627 | Lair:2   | Identified the +10 lajatang of the Pyrrhic Victory {holy,
                  | rC+}
 13740 | Lair:2   | Found a staircase to the Swamp.
 15790 | Lair:2   | Reached skill level 11 in Axes
 17530 | Lair:3   | Found a staircase to the Snake Pit.
 17998 | Lair:3   | Reached skill level 12 in Axes
 18641 | Lair:4   | Reached XP level 14. HP: 121/129 MP: 13/13
 18872 | Lair:4   | Found a staircase to the Slime Pits.
 19698 | Lair:5   | Entered Level 5 of the Lair of Beasts
 19712 | Lair:5   | Reached skill level 13 in Axes
 20079 | Lair:5   | Reached skill level 15 in Ranged Weapons
 21718 | Lair:5   | Reached skill level 1 in Throwing
 22402 | Lair:5   | Reached skill level 14 in Axes
 22522 | Lair:5   | Upgraded the game from 0.30-a0-292-g0f741e3f8e to
                  | 0.30-a0-297-g0ec75d9ef4
 22640 | D:10     | Entered Level 10 of the Dungeon
 22790 | D:10     | Noticed Maggie
 22797 | D:10     | Killed Maggie
 22812 | D:10     | Found a stormy altar of Qazlal.
 22930 | D:10     | Received a gift from Trog
 23661 | D:11     | Found Wuntasti's Assorted Antiques.
 23717 | D:11     | Bought a scroll of identify for 70 gold pieces
 23950 | D:11     | Noticed Fannar
 23958 | D:11     | Killed Fannar
 24062 | D:11     | Noticed Josephine
 24071 | D:11     | Killed Josephine
 24072 | D:11     | Reached XP level 15. HP: 134/139 MP: 14/14
 24741 | D:12     | HP: 6/139 [poisoned by a meliai]
 25539 | D:12     | Found Ovvud's Armour Boutique.
 26892 | D:14     | Found a gate to the Vaults.
 27147 | D:14     | Reached skill level 15 in Axes
 27300 | D:14     | Found a shimmering blue altar of Sif Muna.
 27747 | D:15     | Entered Level 15 of the Dungeon
 27956 | Orc:2    | Bought the amulet of the Sun {Reflect rPois Str+3 Int+3
                  | SH+5} for 753 gold pieces
 28225 | D:15     | Found a staircase to the Depths.
 28253 | D:15     | Reached skill level 10 in Armour
 28325 | D:15     | Received a gift from Trog
 28432 | D:15     | Reached skill level 15 in Fighting
 28756 | D:15     | Found a shadowy altar of Dithmenos.
 29333 | Snake:1  | Entered Level 1 of the Snake Pit
 29526 | Orc:2    | Bought a potion of mutation for 88 gold pieces
 29526 | Orc:2    | Bought a potion of might for 44 gold pieces
 29526 | Orc:2    | Bought a potion of curing for 33 gold pieces
 29526 | Orc:2    | Gained mutation: Armour fits poorly on your strangely
                  | shaped body. [potion of mutation]
 29526 | Orc:2    | Gained mutation: You occasionally lose the ability to drink
                  | potions when taking damage. [potion of mutation]
 29526 | Orc:2    | Gained mutation: You are frail. (-10% HP) [potion of
                  | mutation]
 29526 | Orc:2    | Gained mutation: Your spells are a little harder to cast,
                  | but a little more powerful. [potion of mutation]
 29527 | Orc:2    | Lost mutation: Your spells are a little harder to cast, but
                  | a little more powerful. [potion of mutation]
 29527 | Orc:2    | Lost mutation: You occasionally lose the ability to drink
                  | potions when taking damage. [potion of mutation]
 29527 | Orc:2    | Gained mutation: You are strong-willed. (Will+) [potion of
                  | mutation]
 29527 | Orc:2    | Gained mutation: You occasionally lose the ability to drink
                  | potions when taking damage. [potion of mutation]
 29527 | Orc:2    | Lost mutation: You are frail. (-10% HP) [potion of
                  | mutation]
 29528 | Orc:2    | Lost mutation: You occasionally lose the ability to drink
                  | potions when taking damage. [potion of mutation]
 29528 | Orc:2    | Lost mutation: Armour fits poorly on your strangely shaped
                  | body. [potion of mutation]
 29528 | Orc:2    | Gained mutation: You are dopey. (Int -2) [potion of
                  | mutation]
 29528 | Orc:2    | Gained mutation: You are vulnerable to heat. (rF-) [potion
                  | of mutation]
 29528 | Orc:2    | Gained mutation: You possess an exceptional clarity of
                  | mind. [potion of mutation]
 29909 | Snake:1  | Found Piudiah's Weapon Shoppe.
 30121 | Snake:1  | Reached XP level 16. HP: 125/149 MP: 15/15
 30264 | Snake:1  | HP: 8/223 [naga sharpshooter/bolt (13)]
 30912 | Snake:1  | Reached skill level 5 in Throwing
 30918 | Snake:1  | HP: 5/149 [naga sharpshooter/bolt (23)]
 31259 | Snake:1  | Reached skill level 16 in Axes
 31955 | Snake:2  | Found Xiysasmu's Assorted Antiques.
 31959 | Snake:2  | Found Vusmee's Assorted Antiques.
 31959 | Snake:2  | Found Vadem's Armour Boutique.
 31964 | Snake:2  | Found Gulojif's Distillery.
 31970 | Snake:2  | Bought a potion of might for 44 gold pieces
 32372 | Snake:2  | Noticed Aizul
 32386 | Snake:2  | Killed Aizul
 32386 | Snake:2  | Received a gift from Trog
 32674 | Snake:2  | Found Qicuwo's Self-Improvement Boutique.
 33481 | Snake:3  | HP: 11/223 [salamander/arrow (7)]
 34015 | Snake:2  | Bought a potion of might for 44 gold pieces
 34015 | Snake:2  | Bought a potion of resistance for 110 gold pieces
 34627 | Snake:3  | Received a gift from Trog
 34810 | Snake:3  | Found a hazy altar of Hepliaklqana.
 35010 | Snake:4  | Entered Level 4 of the Snake Pit
 35253 | Snake:4  | Reached skill level 17 in Axes
 35645 | Snake:4  | Identified the +8 quarterstaff of the Bear {flame, Contam
                  | Str+9}
 36227 | Snake:4  | Lost mutation: You are vulnerable to heat. (rF-) [potion of
                  | mutation]
 36227 | Snake:4  | Lost mutation: You are dopey. (Int -2) [potion of mutation]
 36227 | Snake:4  | Lost mutation: You are strong-willed. (Will+) [potion of
                  | mutation]
 36612 | Snake:4  | Reached XP level 17. HP: 150/158 MP: 16/16
 36779 | Snake:4  | Reached skill level 10 in Evocations
 37382 | Snake:4  | Got a serpentine rune of Zot
 37783 | Swamp:1  | Entered Level 1 of the Swamp
 37975 | Swamp:1  | Noticed Donald
 38090 | Snake:2  | Bought a moonstone ring for 145 gold pieces
 38217 | Swamp:1  | Killed Donald
 39403 | Swamp:2  | Reached skill level 18 in Axes
 40462 | Swamp:3  | Found a runed translucent door.
 40462 | Swamp:3  | Noticed hikkokomori's ghost (adept MiBe)
 40475 | Swamp:3  | Killed hikkokomori's ghost
 40479 | Swamp:3  | Identified the +8 flail "Guasso Byul" {freeze, Str+6}
 40944 | Swamp:4  | Entered Level 4 of the Swamp
 42008 | Swamp:3  | Reached XP level 18. HP: 102/168 MP: 17/17
 42374 | Swamp:4  | Reached skill level 19 in Axes
 42644 | Swamp:4  | Reached skill level 1 in Stealth
 44236 | Swamp:4  | Noticed the 27-headed Lernaean hydra
 44245 | Swamp:4  | Killed the 26-headed Lernaean hydra
 44349 | Swamp:4  | Got a decaying rune of Zot
 44661 | Elf:1    | Entered Level 1 of the Elven Halls
 44757 | Elf:1    | Found a portal to a secret trove of treasure.
 45052 | Snake:2  | Bought a potion of resistance for 110 gold pieces
 45353 | Elf:1    | You paid a toll of 5 potions of resistance to enter a
                  | treasure trove
 45354 | Trove    | Entered a treasure trove
 46139 | Elf:1    | Found Beptoss's Gadget Gallery.
 46144 | Elf:1    | Bought a wand of iceblast (5) for 204 gold pieces
 46187 | Elf:1    | Received a gift from Trog
 46458 | Elf:2    | Noticed Nikola
 46469 | Elf:2    | Killed Nikola
 46493 | Elf:2    | HP: 7/255 [fire elemental[a deep elf pyromancer] (13)]
 46497 | Elf:1    | Slain by a redback

Illustrated notes

Levels and vault maps discovered:
D:1:      matt_arrival_refuge, layout_rooms, minmay_tree_intersection
D:2:      kennysheep_big_flooded_room, layout_basic,
          hellmonk_ecumenical_altar_watching_god
D:3:      layout_basic, old_standard_altar, mainiacjoe_overflow_paths,
          ebering_ghost_rock_garden, gup_sewer_entry_bowl, uniq_robin
D:4:      layout_cave_pods, uniq_pikel
D:5:      layout_gridville, minmay_temple_entry_nine_rooms, serial_undead,
          serial_undead_a, serial_undead_e, serial_undead_f, serial_undead_d,
          minmay_strange_pillars, kennysheep_generic_room_6, uniq_grinder
D:6:      layout_layer_cave
D:7:      layout_loops_cross, chequers_serial_rivers_micro_c,
          grunt_ministairs_10
D:8:      layout_cave_pools, nicolae_overflow_hallway_of_the_gods,
          dpeg_oklobed_lair
D:9:      layout_rooms, xom_shifter_show, kennysheep_mini_moat, erik_orc_4
D:10:     layout_loops_ring, nicolae_qazlal_general_emergency,
          grunt_ministairs_5, uniq_maggie
D:11:     layout_roguey, serial_shops, nicolae_shop_trees, grunt_livestock,
          wad_floor_pattern_untrapped, uniq_josephine, uniq_fannar
D:12:     layout_basic, serial_shops, shop
D:13:     layout_roguey
D:14:     layout_irregular_city, david_vaults_2, led_sif_pool, serial_demonic,
          serial_demonic_g, serial_demonic_d, serial_demonic_g, serial_demonic_a
D:15:     gammafunk_depths_entry_grave, layout_rooms,
          grunt_dithmenos_smoke_and_mirrors, nicolae_titane
Lair:1:   layout_regular_city, basic_altar, minmay_hedge_maze,
          beast_lair_carwin_11
Lair:2:   layout_layer_cave, swamp_mist, special_room [special_room_bee]
Lair:3:   nzn_winding_woodlands_medium [nzn_winding_woodlands_5x5_open_star,
          nzn_winding_woodlands_5x15_lazy_stream,
          nzn_winding_woodlands_5x5_three,
          nzn_winding_woodlands_5x5_closed_star,
          nzn_winding_woodlands_center_lodge, nzn_winding_woodlands_hourglass,
          nzn_winding_woodlands_5x5_default, nzn_winding_woodlands_5x15_crooked,
          nzn_winding_woodlands_5x5_default], layout_gridlike,
          minmay_snake_entry_guardpost_large, special_room
          [special_room_mythical_zoo]
Lair:4:   layout_hall_layers, minmay_slime_entry_pillars, serial_bayou_lake_a
Lair:5:   guppyfry_lair_end_dragon, layout_regular_city,
          hangedman_lair_caniforms_friends, infiniplex_staircase_pool_2
Swamp:1:  layout_basic_swamp, evilmike_swamp_ruin_house_5, uniq_donald
Swamp:2:  layout_basic_swamp, evilmike_swamp_ruin_house_4, swamp_pool4
Swamp:3:  layout_basic_swamp, gammafunk_ghost_grave,
          evilmike_swamp_ruin_house_3, swamp_pool3, nzn_swamp_dancing_lights
Swamp:4:  grunt_swamp_rune_castle, layout_basic_swamp
Snake:1:  layout_chambers, serial_shops, nicolae_diamond_shop,
          grunt_megastairs_3
Snake:2:  layout_onion, hangedman_snake_wide_pillar_pass,
          nicolae_shop_self_help, grunt_megastairs_2, minmay_shoptagon,
          uniq_aizul
Snake:3:  layout_gridlike, basic_altar, special_room
Snake:4:  snake_pit, layout_chambers
Orc:1:    layout_diamond_mine, basic_altar, nicolae_orc_tapped_out
Orc:2:    st_orc_ogre_mass, layout_caves, serial_shops, shop,
          nicolae_shop_stone, shop, nicolae_shop_stone, shop,
          minmay_shop_enchanted_jewellery, nicolae_orc_lava_tube,
          nicolae_specific_store, uniq_sonja
Elf:1:    nicolae_elf_arrival_fired_up, layout_onion_city, enter_trove_1,
          minmay_elf_necromancy, nicolae_shop_gadgets
Elf:2:    elven_hall_of_blades_hangedman_original
          [nicolae_blade_entry_sentries_behind_glass], layout_rooms,
          serial_shops, bzr_entry_customers, drop_trap, uniq_nikola

Skill      XL: |  1  2  3  4  5  6  7  8  9 10 11 12 13 14 15 16 17 18 |
---------------+-------------------------------------------------------+-----
Axes           | 4 5 6 7 9 10 12 14 15 17 18 19 | 19.0
Fighting       | 4 5 7 8 9 10 11 12 13 14 15 16 17 | 17.4
Polearms       | 1 6 9 11 12 13 | 13.1
Ranged Weapons | 3 6 9 11 13 14 15 16 17 18 | 18.0
Evocations     | 1 4 5 7 8 9 10 11 | 11.2
Armour         | 5 7 9 10 11 12 13 | 13.0
Throwing       | 2 4 6 8 9 |  9.2
Stealth        | 3 |  3.3
Dodging        | 4 |  4.7

Action                   |  1- 3 |  4- 6 |  7- 9 | 10-12 | 13-15 | 16-18 || total
-------------------------+-------+-------+-------+-------+-------+-------++-------
Melee: Hand axe          |    65 |    40 |       |       |       |       ||   105
       Headbutt          |     6 |    13 |    21 |    64 |   174 |   167 ||   445
       Trishula          |       |    67 |   169 |   402 |   585 |   589 ||  1812
       Punch             |       |       |     5 |     5 |    10 |     6 ||    26
       Battleaxe         |       |       |       |    35 |   398 |   245 ||   678
 Fire: Shortbow          |       |       |    10 |    60 |       |       ||    70
       Arbalest          |       |       |       |    26 |   116 |   140 ||   282
Throw: Boomerang         |       |       |     3 |    43 |    43 |    99 ||   188
       Dart              |       |       |       |       |       |     3 ||     3
Invok: Berserk           |     2 |     3 |       |    11 |     7 |    12 ||    35
       Trog's Hand       |     1 |     1 |     2 |    21 |    27 |    25 ||    77
       Brothers in Arms  |       |       |       |       |       |     1 ||     1
Evoke: Wand              |       |       |       |     6 |     8 |    16 ||    30
       Tin of tremorston |       |       |       |       |     5 |     6 ||    11
       Phantom mirror    |       |       |       |       |       |     1 ||     1
  Use: Scroll            |       |     6 |     1 |    14 |    15 |     5 ||    41
       Potion            |       |       |       |     1 |    10 |     2 ||    13
 Stab: Betrayed ally     |       |       |       |     1 |       |       ||     1
       Confused          |       |       |       |       |     2 |       ||     2
       Invisible         |       |       |       |       |       |     2 ||     2
Armor: Animal skin       |    18 |       |       |       |       |       ||    18
       Chain mail        |       |    30 |    37 |    21 |       |       ||    88
       Plate armour      |       |       |       |   108 |   435 |   481 ||  1024
Dodge: Dodged            |    58 |    52 |    49 |   147 |   385 |   285 ||   976
Block: Other             |       |       |       |       |    17 |   154 ||   171
       Reflection        |       |       |       |       |     1 |    15 ||    16

Table legend: (Time is in decaauts)
 A = Elapsed time spent in this place.
 B = Non-inter-level travel time spent in this place.
 C = Inter-level travel time spent in this place.
 D = Time resting spent in this place.
 E = Time spent auto-exploring this place.
 F = Levels seen in this place.
 G = Mean time per level.
                   A        B        C        D        E       F      G
               +--------+--------+--------+--------+--------+-----+--------+
         Total |  46307 |  43192 |   3115 |  15635 |  20551 |  34 | 1362.0 |
       Dungeon |  14259 |  12973 |   1286 |   2141 |   8742 |  15 |  950.6 |
          Lair |  10726 |   9956 |    770 |   4157 |   4419 |   5 | 2145.2 |
         Swamp |   6319 |   6149 |    170 |   3386 |   2013 |   4 | 1579.8 |
     Snake Pit |   8291 |   7738 |    553 |   3189 |   3281 |   4 | 2072.8 |
  Orcish Mines |   4903 |   4627 |    276 |   2419 |   1174 |   2 | 2451.5 |
   Elven Halls |   1340 |   1282 |     58 |    290 |    698 |   2 |  670.0 |
         Trove |     59 |     59 |      0 |      0 |      0 |   1 |   59.0 |
         Sewer |    406 |    406 |      0 |     51 |    222 |   1 |  406.0 |
               +--------+--------+--------+--------+--------+-----+--------+

Top non-repeatable levels by time:
  Lair:2: 3642 daAuts
   Orc:2: 2645 daAuts
  Lair:5: 2583 daAuts
 Snake:4: 2455 daAuts
 Snake:1: 2383 daAuts
 Swamp:4: 2347 daAuts
   Orc:1: 2257 daAuts
 Swamp:3: 2192 daAuts
 Snake:2: 2184 daAuts
  Lair:3: 1724 daAuts
  Lair:4: 1484 daAuts
    D:12: 1472 daAuts
   Elf:1: 1300 daAuts
  Lair:1: 1291 daAuts
     D:6: 1275 daAuts
